 Dungeon Crawl Stone Soup version 0.26-a0-1132-ge9770dfcb6 (webtiles) character file.

Game seed: 10136122852181738739

1575 night the Chiller (level 8, -6/56 HPs)
             Began as a Demonspawn Ice Elementalist on Dec 18, 2020.
             Was an Initiate of Gozag.
             Shot with a sling bullet by Joseph (7 damage)
             ... on level 7 of the Dungeon on Dec 19, 2020.
             The game lasted 00:22:02 (9027 turns).

night the Chiller (Demonspawn Ice Elementalist)     Turns: 9027, Time: 00:22:03

Health: -6/56      AC:  9    Str: 10    XL:     8   Next: 60%
Magic:  12/18      EV: 28    Int: 18    God:    Gozag
Gold:   365        SH:  4    Dex: 13    Spells: 9/20 levels left

rFire    + . .     SeeInvis .   p - +0 war axe
rCold    . . .     Faith    .   E - +0 buckler {AC+3}
rNeg     . . .     Spirit   .   w - +2 leather armour {rPois}
rPois    +         Reflect  .   (helmet restricted)
rElec    .         Harm     .   F - +0 cloak
rCorr    .         Rampage  .   (no gloves)
Will     .....                  (no boots)
Stlth    +++.......             A - amulet "Enapuett" {Acrobat *Drain rPois Stlth+}
HPRegen  0.18/turn              q - ring of protection from fire
MPRegen  0.16/turn              (no ring)

@: acrobat
A: antennae 1, repulsion field 1, demonic guardian 1
a: Renounce Religion, Potion Petition, Call Merchant, Bribe Branch


You were on level 7 of the Dungeon.
You worshipped Gozag.
Gozag was aware of your devotion.
You visited 2 branches of the dungeon, and saw 8 of its levels.

You collected 840 gold pieces.
You spent 394 gold pieces at shops.
You paid 81 gold pieces to Gozag.

Inventory:

Hand Weapons
 j - a +0 hand axe
 m - a +0 hunting sling
 p - a +0 war axe (weapon)
Missiles
 c - 21 poisoned darts
 d - 52 sling bullets
 h - 173 arrows
 l - 210 stones
 u - 17 boomerangs (quivered)
Armour
 a - a +0 robe
 w - a +2 leather armour of poison resistance (worn)
 y - the +2 scale mail of Veviovoso {Str+4 Stlth-}
   (You bought it in a shop on level 5 of the Dungeon)

   It affects your strength (+4).
   It makes you less stealthy.
 E - a +0 buckler of protection (worn)
 F - a +0 cloak (worn)
Jewellery
 q - a ring of protection from fire (left hand)
 A - the amulet "Enapuett" (around neck) {Acrobat *Drain rPois Stlth+}
   (You found it on level 6 of the Dungeon)

   [amulet of the acrobat]

   It helps you evade while moving and waiting.
   It protects you from poison.
   It causes draining when unequipped.
   It makes you more stealthy.
 B - a +6 ring of dexterity
Wands
 G - a wand of paralysis (2)
Scrolls
 b - 3 scrolls of fog
 e - 6 scrolls of remove curse
 g - 2 scrolls of teleportation
 k - 10 scrolls of identify
 o - 2 scrolls of fear
 C - a scroll of amnesia
 D - a scroll of blinking
 I - a scroll of immolation {unknown}
Potions
 f - a potion of degeneration {unknown}
 i - 4 potions of haste {unknown}
 n - 2 potions of heal wounds {unknown}
 r - 3 potions of lignification
 s - a potion of berserk rage {unknown}
 t - a potion of cancellation {unknown}
 v - 2 potions of curing {unknown}
 x - 2 potions of resistance {unknown}
 z - a potion of flight {unknown}
 H - a potion of might {unknown}


   Skills:
 + Level 2.1 Fighting
 - Level 1.7 Dodging
 - Level 1.7 Stealth
 * Level 2.7 Shields
 - Level 6.7 Spellcasting
 - Level 7.5 Ice Magic


You had 9 spell levels left.
You knew the following spells:

 Your Spells              Type           Power        Failure   Level
a - Freeze                Ice            100%         1%          1
b - Frozen Ramparts       Ice            66%          2%          3
c - Ozocubu's Armour      Ice            33%          2%          3
d - Summon Ice Beast      Ice/Summ       19%          36%         4

Your spell library contained the following spells:

 Spells                   Type           Power        Failure   Level
 Magic Dart               Conj           24%          19%         1
 Blink                    Tloc           N/A          26%         2
 Call Imp                 Summ           6%           26%         2
 Slow                     Hex            6%           26%         2
 Hailstorm                Conj/Ice       19%          36%         4
 Conjure Flame            Conj/Fire      6%           47%         3
 Mephitic Cloud           Conj/Pois/Air  6%           47%         3


Dungeon Overview and Level Annotations

Branches:
Dungeon (7/15)             Temple (1/1) D:6

Altars:
Ashenzari
Cheibriados
Elyvilon
Gozag
Hepliaklqana
Kikubaaqudgha
Makhleb
Nemelex Xobeh
Okawaru
Qazlal
Ru
Sif Muna
Trog
Uskayaw
Vehumet
Wu Jian
Xom
Yredelemnul
Zin
The Shining One

Shops:
D:5 *   D:6 [

Annotations:
D:7 Joseph


Innate Abilities, Weirdness & Mutations

You have a pair of small antennae on your head.
You are surrounded by a mild repulsion field. (EV +2)
A weak demonic guardian rushes to your aid.


Message History

Aiming: Paralyse
Press: ? - help, Shift-Dir - straight line, f - Joseph
Aim: Joseph, wielding a +1 hunting sling of freezing, wearing a +0 ring mail and quivering 20 sling bullets (unaware, hasn't noticed you, chance to affect: 28%) Joseph is no longer distracted by gold.
Joseph shouts!
Joseph easily resists.
Joseph shoots a sling bullet.
The sling bullet hits you! The sling bullet freezes you.
Okay, then.
Your icy armour will break if you move.
Continue?
Your icy armour cracks and falls away as you move.
The kobold is no longer distracted by gold.
Joseph shoots a sling bullet.
You block the sling bullet.
Things that are here:
19 gold pieces; a stone The iguana completely misses you.
Joseph shoots a sling bullet.
The sling bullet hits you!
* * * LOW HITPOINT WARNING * * *
The sling bullet freezes you!
You die...
Your body crumbles into a pile of gold.

.#
##..#############.##
#..@$((.##..........
#($@$.<.......
###lK.........
#.$.........
#......##.##
...........#.....#
..........#####. #
...........# #
...........#
............


You could see Joseph, an iguana and a kobold.

Vanquished Creatures
  Eustachio (D:5)
  Sigmund (D:5)
  Duvessa (D:4)
  A water moccasin (D:7)
  An ice beast (D:5)
  An ogre (D:6)
  A phantom (D:6)
  A big kobold (D:7)
  Dowan (D:4)
  2 scorpions
  4 hounds
  A bullfrog skeleton (D:5)
  Jessica (D:3)
  3 iguanas
  Natasha (thrice) (D:3)
  2 worker ants (D:4)
  A hound skeleton (D:4)
  4 gnolls
  4 adders
  A shadow imp (D:5)
  A white imp (D:6)
  An ufetubus (D:3)
  2 adder skeletons
  5 worms
  A dart slug (D:3)
  4 leopard geckos
  5 orcs
  A ball python (D:3)
  4 giant cockroaches
  4 goblins
  5 hobgoblins
  2 jackals (D:3)
  6 quokkas
  10 bats
  4 frilled lizards
  8 kobolds
  A leopard gecko skeleton (D:4)
  A leopard gecko zombie (D:4)
  5 rats
105 creatures vanquished.

Vanquished Creatures (collateral kills)
  An ogre (D:4)
  A big kobold (D:7)
  A leopard gecko (D:7)
  An orc (D:4)
  3 kobolds (D:7)
  A leopard gecko zombie (D:6)
8 creatures vanquished.

Vanquished Creatures (others)
  A quokka (D:2)
1 creature vanquished.

Grand Total: 114 creatures vanquished

Notes
Turn   | Place    | Note
-------+----------+-------------------------------------------
     0 | D:1      | night the Demonspawn Ice Elementalist began the quest for
                  | the Orb.
     0 | D:1      | Reached XP level 1. HP: 13/13 MP: 3/3
   489 | D:1      | Gained mutation: You are surrounded by a mild repulsion
                  | field. (EV +2) [demonic ancestry]
   489 | D:1      | Reached XP level 2. HP: 19/19 MP: 5/5
   969 | D:2      | Reached skill level 4 in Ice Magic
  1030 | D:1      | HP: 2/19 [gnoll/+0 club (4)]
  1058 | D:1      | HP: 1/19 [gnoll/+0 club (3)]
  1060 | D:1      | Reached XP level 3. HP: 1/24 MP: 4/7
  1558 | D:2      | Found a bloodstained altar of Trog.
  1601 | D:2      | Learned a level 3 spell: Frozen Ramparts
  1778 | D:2      | Found a hide-covered altar of Uskayaw.
  2033 | D:2      | You fall into a shaft and drop 1 floor!
  2048 | D:3      | Reached XP level 4. HP: 12/30 MP: 5/8
  2451 | D:3      | Noticed Natasha
  2457 | D:3      | Killed Natasha
  2739 | D:3      | Gained mutation: A weak demonic guardian rushes to your
                  | aid. [demonic ancestry]
  2739 | D:3      | Reached XP level 5. HP: 27/35 MP: 3/10
  2975 | D:2      | Found an iron altar of Okawaru.
  3084 | D:2      | Found a white marble altar of Elyvilon.
  3333 | D:3      | Noticed Natasha
  3339 | D:3      | Killed Natasha
  3340 | D:3      | Reached skill level 5 in Ice Magic
  3454 | D:3      | Noticed Natasha
  3461 | D:3      | Killed Natasha
  3543 | D:3      | Found a burning altar of Makhleb.
  3545 | D:3      | Noticed an Executioner
  3827 | D:3      | Noticed a hellwing
  3827 | D:3      | Noticed a ynoxinul
  3837 | D:3      | Noticed Jessica
  3843 | D:3      | Killed Jessica
  4253 | D:4      | Found an ancient bone altar of Kikubaaqudgha.
  4263 | D:4      | Reached XP level 6. HP: 41/41 MP: 8/12
  4632 | D:4      | Found an opulent altar of Gozag.
  4673 | D:4      | Became a worshipper of Gozag Ym Sagoz the Greedy
  4677 | D:5      | Entered Level 5 of the Dungeon
  4684 | D:5      | Noticed an ice beast
  4691 | D:5      | Found a sparkling altar of Nemelex Xobeh.
  4913 | D:4      | Found a radiant altar of Vehumet.
  5271 | D:4      | Noticed Dowan
  5274 | D:4      | Noticed Duvessa
  5279 | D:4      | Killed Dowan
  5280 | D:4      | Reached skill level 5 in Spellcasting
  5285 | D:4      | Killed Duvessa
  5286 | D:4      | Reached skill level 6 in Ice Magic
  5286 | D:4      | Reached XP level 7. HP: 39/46 MP: 6/14
  5590 | D:4      | Learned a level 3 spell: Ozocubu's Armour
  5595 | D:4      | Learned a level 4 spell: Summon Ice Beast
  6500 | D:5      | Noticed Sigmund
  6508 | D:5      | Killed Sigmund
  6568 | D:5      | Noticed Eustachio
  6598 | D:5      | Killed Eustachio
  6599 | D:5      | Reached skill level 7 in Ice Magic
  6599 | D:5      | Gained mutation: You have a pair of small antennae on your
                  | head. [demonic ancestry]
  6599 | D:5      | Reached XP level 8. HP: 40/52 MP: 11/17
  6930 | D:5      | Found Plog's Assorted Antiques.
  6933 | D:5      | Bought a smoking scale mail for 234 gold pieces
  6943 | D:5      | Identified the +2 scale mail of Veviovoso {Str+4 Stlth-}
                  | (You bought it in a shop on level 5 of the Dungeon)
  7157 | D:6      | Got a wavering garnet amulet
  7162 | D:6      | Identified the amulet "Enapuett" {Acrobat *Drain rPois
                  | Stlth+} (You found it on level 6 of the Dungeon)
  8092 | D:6      | Found a staircase to the Ecumenical Temple.
  8098 | Temple   | Entered the Ecumenical Temple
  8516 | D:6      | Got a dull robe
  8526 | D:6      | Identified the +1 robe of Failure {MP-9 Int+4 Dex+3} (You
                  | found it on level 6 of the Dungeon)
  8585 | D:6      | Found Retusol's Armour Shop.
  8608 | D:6      | Bought a +0 buckler of protection for 115 gold pieces
  8608 | D:6      | Bought a +0 cloak for 45 gold pieces
  8848 | D:6      | Found a shimmering altar of Xom.
  8922 | D:6      | Found a sacrificial altar of Ru.
  8933 | D:6      | Upgraded the game from 0.26-a0-1129-gc5df7fbe6a to
                  | 0.26-a0-1132-ge9770dfcb6
  8982 | D:7      | Reached skill level 1 in Shields
  9009 | D:7      | Reached skill level 1 in Fighting
  9014 | D:7      | Noticed Joseph
  9021 | D:7      | Reached skill level 2 in Shields
  9024 | D:7      | Reached skill level 2 in Fighting
  9027 | D:7      | HP: 1/56 [Joseph/sling bullet (17)]
  9027 | D:7      | Shot with a sling bullet by Joseph

Illustrated notes

Levels and vault maps discovered:
D:1:      mrwooster_arrival_statue_2, layout_basic
D:2:      layout_basic, elyvilon_altar_4, okawaru_trees_1, marbit_many_paths,
          lightli_temple_of_fire
D:3:      layout_basic, makhleb_altar_promises_db, uniq_natasha, uniq_jessica
D:4:      layout_loops_ring, nicolae_overflow_crystal_walls,
          general_overflow_altar, old_standard_altar, uniq_duvessa
D:5:      layout_gridville, nemelex_xobeh_ov_fountains_minmay, serial_shops,
          kennysheep_mini, chequers_serial_rivers_room_a, uniq_sigmund,
          uniq_eustachio
D:6:      layout_basic, lemuel_doored_altar, lemuel_coloured_pillars_altar,
          minmay_temple_entry_fiery, serial_shops, shop_coins,
          lemuel_flame_loot_1
D:7:      layout_rooms, lemuel_round_altar, gammafunk_ghost_abyssal_escape,
          serial_corexii_hall, chequers_hall_statues_y, corexii_hall_statues_t,
          serial_shops, shop, uniq_joseph
Temple:   compressed_dpeg_triangle_lava_temple

Skill      XL: |  1  2  3  4  5  6  7  8 |
---------------+-------------------------+-----
Ice Magic      | 4 5 6 7 |  7.5
Spellcasting   | 3 4 5 6 |  6.7
Shields        | 2 |  2.7
Fighting       | 2 |  2.1
Dodging        | |  1.7
Stealth        | |  1.7

Action                   |  1- 3 |  4- 6 |  7- 9 || total
-------------------------+-------+-------+-------++-------
Melee: Hand axe          |    40 |       |       ||    40
       Unarmed           |     3 |       |       ||     3
       War axe           |     8 |    95 |    95 ||   198
 Fire: Hunting sling     |     3 |       |       ||     3
Throw: Boomerang         |       |       |     9 ||     9
       Dart              |       |       |     2 ||     2
 Cast: Freeze            |    28 |    16 |    13 ||    57
       Frozen Ramparts   |     2 |    17 |    12 ||    31
       Ozocubu's Armour  |       |       |     9 ||     9
       Summon Ice Beast  |       |       |     3 ||     3
Evoke: Wand              |       |       |     1 ||     1
  Use: Scroll            |       |     5 |     4 ||     9
       Potion            |       |     1 |       ||     1
 Stab: Sleeping          |     3 |     5 |     3 ||    11
Armor: Robe              |    17 |    12 |    13 ||    42
       Leather armour    |       |       |    12 ||    12
       Scale mail        |       |       |     1 ||     1
Dodge: Dodged            |    69 |   118 |    95 ||   282
Block: Buckler           |       |       |     9 ||     9

Table legend: (Time is in decaauts)
 A = Elapsed time spent in this place.
 B = Non-inter-level travel time spent in this place.
 C = Inter-level travel time spent in this place.
 D = Time resting spent in this place.
 E = Time spent auto-exploring this place.
 F = Levels seen in this place.
 G = Mean time per level.
                   A        B        C        D        E       F      G
               +--------+--------+--------+--------+--------+-----+--------+
         Total |   9150 |   8995 |    155 |   2963 |   4526 |   8 | 1143.8 |
       Dungeon |   8874 |   8727 |    147 |   2963 |   4260 |   7 | 1267.7 |
        Temple |    275 |    267 |      8 |      0 |    266 |   1 |  275.0 |
               +--------+--------+--------+--------+--------+-----+--------+

Top non-repeatable levels by time:
     D:4: 1862 daAuts
     D:3: 1809 daAuts
     D:6: 1574 daAuts
     D:1: 1450 daAuts
     D:5: 1058 daAuts
     D:2: 1054 daAuts
  Temple: 275 daAuts
     D:7: 64 daAuts
